Avalanche vs Jets

Created - 8 février 2025 at 22:40

Goals
1 2 3 T
Avalanche 2 1 2 5
Jets 0 2 1 3
Shots
1 2 3 T
Avalanche 18 14 11 43
Jets 8 6 7 21

GoalsPenalties
1st period
1. Avalanche , Mikey Anderson 9 (Mikko Rantanen 30, Vincent Trocheck 34) at 7:29 (PP)
2. Avalanche , Mikko Rantanen 30 (Tyler Myers 14, Vincent Trocheck 35) at 7:45
Olli Maatta (WPG) for Interference (Minor) at 6:25
Mark Jankowski (WPG) for Fighting (Major) at 12:42
Henry Thrun (COL) for Fighting (Major) at 12:42
2nd period
3. Avalanche , Tim Stutzle 19 (Artem Zub 18, Vincent Trocheck 36) at 0:32
4. Jets , Andreas Athanasiou 9 (Andre Burakovsky 16, Matt Grzelcyk 13) at 2:47
5. Jets , Andre Burakovsky 17 (Matt Grzelcyk 14) at 17:48
Dmitry Orlov (WPG) for Tripping (Minor) at 7:27
3rd period
6. Jets , Marcus Johansson 9 (Matt Grzelcyk 15, Olli Maatta 2) at 4:21
7. Avalanche , Troy Terry 18 (Adam Henrique 31, Henry Thrun 13) at 12:02
8. Avalanche , Matthew Knies 1 (Connor Dewar 4, Mikey Anderson 22) at 12:18
Colin Miller (WPG) for Holding (Minor) at 14:48
Artem Zub (COL) for Goalie Interference (Minor) at 18:15
Goalie Stats
Samuel Ersson (COL), 18 saves from 21 shots - (0,857), W, 4-6-1, 60:00 minutes
Darcy Kuemper (WPG), 38 saves from 43 shots - (0,884), L, 14-20-1, 60:00 minutes
3 StarsOfficial
1 - Mikko Rantanen (COL)
2 - Matt Grzelcyk (WPG)
3 - Vincent Trocheck (COL)
Referees : Kendrick Nicholson and Dan O'Halloran
Linesman : Trent Knorr and Glen Cooke
Game Note
Mark Jankowski and Henry Thrun fight to a draw at 12:42 of 1st period
Finance
Level 1 -- Attendance: 4204 (70,07%) -- Ticket Income $567,540
Level 2 -- Attendance: 2746 (54,92%) -- Ticket Income $343,250
Level 3 -- Attendance: 1545 (70,23%) -- Ticket Income $185,400
Level 4 -- Attendance: 963 (94,78%) -- Ticket Income $110,745
Luxury Box -- Attendance: 528 (66,00%) -- Ticket Income $184,800
Game was played at the Canada Life Center.
Total Attendance: 9986 (66,50%)
Total Ticket Income: $1,391,735
Other Income: $347,934
Total Income: $1,739,669



Team Name Goals Shots Shots Attemp Shots Blocked PIM HIT PP PK FO%
Avalanche 54367107251 / 3 (33%)047%
Jets 32151711200 / 1 (0%)153%

Avalanche
Player Name POS G A P +/- PIM HIT SHT SB MP PP MP PP SHT PK MP PK SHT FO% FOT
Adam HenriqueC0110013017:520:0000:47038% 21
Alexandre CarrierD000-1030219:370:0000:4100% 0
Aliaksei ProtasC000-1010013:440:0000:0000% 0
Artem ZubD011-1220223:142:5700:0000% 0
Blake WheelerRW000-1011016:102:2600:00048% 21
Connor DewarC011101205:080:0000:470100% 1
Henry ThrunD0111500013:180:0000:0000% 0
Martin FehervaryD0001032023:472:5701:0300% 0
Matthew KniesLW101100305:180:0000:5710% 0
Mikey AndersonD1121003318:072:0520:4700% 0
Mikko RantanenRW1121037120:402:3610:0000% 1
Nicholas RobertsonLW000-1003013:440:0000:00033% 3
Nick BjugstadC000101205:180:0000:57063% 8
Tim StutzleC1011015020:302:2620:00050% 2
Troy TerryRW1010003019:412:3610:000100% 1
Tyler MyersD0111030121:552:0500:5700% 0
Vincent TrocheckC0331027120:402:3600:00048% 31
Vladimir TarasenkoRW0000032019:312:2610:0000% 0
Jets
Player Name POS G A P +/- PIM HIT SHT SB MP PP MP PP SHT PK MP PK SHT FO% FOT
Alexandre TexierC0000021011:110:0000:0000% 2
Andre BurakovskyLW1122003019:071:1903:0900% 2
Andreas AthanasiouC1012021014:510:0000:12057% 14
Colin MillerD000-3211226:311:1901:4300% 0
Dmitry OrlovD000-3201126:331:1901:4500% 0
Gustav NyquistC000-1010123:341:1903:34033% 9
Jalen ChatfieldD000-1030121:040:2502:0900% 0
Joe VelenoC000-200108:430:0000:0000% 0
Justin BarronD000-1030021:030:2502:0800% 0
Marcus JohanssonLW1010002013:290:2501:5300% 3
Mark JankowskiC000-250018:420:0000:00055% 11
Matt GrzelcykD0333020013:300:0002:1600% 0
Nick SchmaltzC000-1005020:220:2511:16058% 31
Oliver BjorkstrandRW0002003015:040:2500:00033% 3
Olli MaattaD0113200111:160:0000:0300% 0
Oskar SundqvistC000-201108:430:0000:000100% 1
Reilly SmithRW000-1041020:001:1900:0000% 1
Tommy NovakC0000011011:110:0000:00083% 12



Play-by-Play

1st period


0:01 of 1st period - Nick Schmaltz wins face-off versus Vincent Trocheck in neutral zone.
0:08 of 1st period - Shot by Nick Schmaltz.
0:08 of 1st period - Stopped by Samuel Ersson without a rebound.
0:09 of 1st period - Adam Henrique wins face-off versus Andreas Athanasiou in Avalanche zone.
1:37 of 1st period - Adam Henrique is hit by Alexandre Texier and loses puck.
1:52 of 1st period - Reilly Smith is hit by Vladimir Tarasenko.
2:22 of 1st period - Shot by Gustav Nyquist.
2:22 of 1st period - Shot Misses the Net.
3:24 of 1st period - Shot by Tim Stutzle.
3:24 of 1st period - Deflect By Vincent Trocheck.
3:24 of 1st period - Stopped by Darcy Kuemper with a rebound.
4:05 of 1st period - Off-side.
4:06 of 1st period - Blake Wheeler wins face-off versus Nick Schmaltz in neutral zone.
4:15 of 1st period - Shot by Nicholas Robertson.
4:15 of 1st period - Deflect By Blake Wheeler.
4:15 of 1st period - Shot Blocked by Gustav Nyquist.
4:30 of 1st period - Blake Wheeler is hit by Matt Grzelcyk and loses puck.
4:47 of 1st period - Shot by Nick Schmaltz.
4:47 of 1st period - Stopped by Samuel Ersson without a rebound.
4:48 of 1st period - Nick Bjugstad wins face-off versus Marcus Johansson in Avalanche zone.
4:53 of 1st period - Shot by Matthew Knies.
4:53 of 1st period - Shot Misses the Net.
5:12 of 1st period - Icing by Dmitry Orlov.
5:13 of 1st period - Tommy Novak wins face-off versus Nicholas Robertson in Jets zone.
5:13 of 1st period - Marcus Johansson is hit by Aliaksei Protas.
5:21 of 1st period - Shot by Tommy Novak.
5:21 of 1st period - Shot Blocked by Tyler Myers.
6:00 of 1st period - Icing by Tommy Novak.
6:01 of 1st period - Nick Bjugstad wins face-off versus Tommy Novak in Jets zone.
6:06 of 1st period - Shot by Nick Bjugstad.
6:06 of 1st period - Stopped by Darcy Kuemper without a rebound.
6:07 of 1st period - Vincent Trocheck wins face-off versus Nick Schmaltz in Jets zone.
6:09 of 1st period - Tim Stutzle is hit by Justin Barron and loses puck.
6:18 of 1st period - Shot by Tim Stutzle.
6:18 of 1st period - Shot Misses the Net.
6:20 of 1st period - Shot by Vincent Trocheck.
6:20 of 1st period - Stopped by Darcy Kuemper without a rebound.
6:21 of 1st period - Nick Bjugstad wins face-off versus Andreas Athanasiou in Jets zone.
6:25 of 1st period - Minor Penalty to Olli Maatta for Interference.
6:26 of 1st period - Vincent Trocheck wins face-off versus Gustav Nyquist in Jets zone.
6:26 of 1st period - Mikko Rantanen is hit by Justin Barron and loses puck.
6:43 of 1st period - Shot by Mikko Rantanen.
6:43 of 1st period - Stopped by Darcy Kuemper without a rebound.
6:44 of 1st period - Tim Stutzle wins face-off versus Gustav Nyquist in Jets zone.
7:19 of 1st period - Shot by Tim Stutzle.
7:19 of 1st period - Stopped by Darcy Kuemper with a rebound.
7:21 of 1st period - Shot by Tim Stutzle.
7:21 of 1st period - Stopped by Darcy Kuemper without a rebound.
7:22 of 1st period - Vincent Trocheck wins face-off versus Marcus Johansson in Jets zone.
7:27 of 1st period - Shot by Mikey Anderson.
7:27 of 1st period - Shot Misses the Net.
7:29 of 1st period - Shot by Mikey Anderson.
7:29 of 1st period - Goal by Mikey Anderson - Avalanche : 1 - Jets : 0.
7:30 of 1st period - Nick Bjugstad wins face-off versus Mark Jankowski in neutral zone.
7:36 of 1st period - Nick Bjugstad is hit by Justin Barron and loses puck.
7:39 of 1st period - Shot by Connor Dewar.
7:39 of 1st period - Stopped by Darcy Kuemper without a rebound.
7:40 of 1st period - Vincent Trocheck wins face-off versus Mark Jankowski in Jets zone.
7:40 of 1st period - Mikko Rantanen is hit by Colin Miller and loses puck.
7:45 of 1st period - Shot by Mikko Rantanen.
7:45 of 1st period - Goal by Mikko Rantanen - Avalanche : 2 - Jets : 0.
7:46 of 1st period - Blake Wheeler wins face-off versus Nick Schmaltz in neutral zone.
8:04 of 1st period - Icing by Tyler Myers.
8:05 of 1st period - Andreas Athanasiou wins face-off versus Blake Wheeler in Avalanche zone.
8:57 of 1st period - Shot by Tim Stutzle.
8:57 of 1st period - Shot Misses the Net.
8:59 of 1st period - Shot by Mikey Anderson.
8:59 of 1st period - Stopped by Darcy Kuemper without a rebound.
9:00 of 1st period - Nick Schmaltz wins face-off versus Vincent Trocheck in Jets zone.
9:13 of 1st period - Shot by Nick Schmaltz.
9:13 of 1st period - Shot Blocked by Mikey Anderson.
9:15 of 1st period - Shot by Gustav Nyquist.
9:15 of 1st period - Shot Misses the Net.
9:17 of 1st period - Shot by Dmitry Orlov.
9:17 of 1st period - Stopped by Samuel Ersson without a rebound.
9:18 of 1st period - Adam Henrique wins face-off versus Mark Jankowski in Avalanche zone.
9:18 of 1st period - Adam Henrique is hit by Oskar Sundqvist.
9:42 of 1st period - Shot by Troy Terry.
9:42 of 1st period - Stopped by Darcy Kuemper without a rebound.
9:43 of 1st period - Vincent Trocheck wins face-off versus Nick Schmaltz in Jets zone.
9:46 of 1st period - Shot by Mikko Rantanen.
9:46 of 1st period - Shot Misses the Net.
9:48 of 1st period - Shot by Vincent Trocheck.
9:48 of 1st period - Stopped by Darcy Kuemper with a rebound.
10:17 of 1st period - Shot by Gustav Nyquist.
10:17 of 1st period - Shot Misses the Net.
10:23 of 1st period - Shot by Mikko Rantanen.
10:23 of 1st period - Stopped by Darcy Kuemper without a rebound.
10:24 of 1st period - Andreas Athanasiou wins face-off versus Adam Henrique in Jets zone.
10:33 of 1st period - Tyler Myers is hit by Andreas Athanasiou and loses puck.
10:50 of 1st period - Shot by Andreas Athanasiou.
10:50 of 1st period - Shot Misses the Net.
10:52 of 1st period - Shot by Andre Burakovsky.
10:52 of 1st period - Stopped by Samuel Ersson with a rebound.
10:54 of 1st period - Shot by Andreas Athanasiou.
10:54 of 1st period - Deflect By Oliver Bjorkstrand.
10:54 of 1st period - Shot Misses the Net.
10:56 of 1st period - Shot by Andre Burakovsky.
10:56 of 1st period - Stopped by Samuel Ersson without a rebound.
10:57 of 1st period - Mark Jankowski wins face-off versus Blake Wheeler in Avalanche zone.
11:00 of 1st period - Shot by Olli Maatta.
11:00 of 1st period - Shot Blocked by Alexandre Carrier.
11:02 of 1st period - Shot by Joe Veleno.
11:02 of 1st period - Stopped by Samuel Ersson without a rebound.
11:03 of 1st period - Nick Schmaltz wins face-off versus Vincent Trocheck in Avalanche zone.
11:03 of 1st period - Nick Schmaltz is hit by Artem Zub.
11:23 of 1st period - Shot by Vincent Trocheck.
11:23 of 1st period - Shot Blocked by Colin Miller.
11:31 of 1st period - Shot by Mikko Rantanen.
11:31 of 1st period - Shot Misses the Net.
11:33 of 1st period - Shot by Vincent Trocheck.
11:33 of 1st period - Stopped by Darcy Kuemper without a rebound.
11:34 of 1st period - Andreas Athanasiou wins face-off versus Blake Wheeler in Jets zone.
11:51 of 1st period - Shot by Nicholas Robertson.
11:51 of 1st period - Shot Misses the Net.
11:53 of 1st period - Shot by Martin Fehervary.
11:53 of 1st period - Stopped by Darcy Kuemper without a rebound.
11:54 of 1st period - Mark Jankowski wins face-off versus Adam Henrique in Jets zone.
12:42 of 1st period - Mark Jankowski and Henry Thrun fight to a draw.
12:42 of 1st period - Penalty to Mark Jankowski for Fighting.
12:42 of 1st period - Penalty to Henry Thrun for Fighting.
12:43 of 1st period - Vincent Trocheck wins face-off versus Nick Schmaltz in neutral zone.
12:47 of 1st period - Off-side.
12:48 of 1st period - Nick Schmaltz wins face-off versus Vincent Trocheck in neutral zone.
13:19 of 1st period - Shot by Mikko Rantanen.
13:19 of 1st period - Stopped by Darcy Kuemper without a rebound.
13:20 of 1st period - Andreas Athanasiou wins face-off versus Blake Wheeler in Jets zone.
13:33 of 1st period - Shot by Oliver Bjorkstrand.
13:33 of 1st period - Stopped by Samuel Ersson without a rebound.
13:34 of 1st period - Tommy Novak wins face-off versus Adam Henrique in Avalanche zone.
13:47 of 1st period - Shot by Marcus Johansson.
13:47 of 1st period - Shot Hit the Post.
13:49 of 1st period - Shot by Alexandre Texier.
13:49 of 1st period - Shot Blocked by Mikey Anderson.
14:11 of 1st period - Shot by Tommy Novak.
14:11 of 1st period - Stopped by Samuel Ersson without a rebound.
14:12 of 1st period - Blake Wheeler wins face-off versus Nick Schmaltz in Avalanche zone.
15:34 of 1st period - Oliver Bjorkstrand is hit by Alexandre Carrier and loses puck.
16:39 of 1st period - Shot by Alexandre Texier.
16:39 of 1st period - Shot Blocked by Mikey Anderson.
17:07 of 1st period - Shot by Reilly Smith.
17:07 of 1st period - Shot Misses the Net.
17:25 of 1st period - Shot by Reilly Smith.
17:25 of 1st period - Shot Blocked by Artem Zub.
17:38 of 1st period - Icing by Gustav Nyquist.
17:39 of 1st period - Nick Schmaltz wins face-off versus Blake Wheeler in Jets zone.
17:44 of 1st period - Aliaksei Protas is hit by Gustav Nyquist and loses puck.
17:48 of 1st period - Icing by Tyler Myers.
17:49 of 1st period - Blake Wheeler wins face-off versus Andre Burakovsky in Avalanche zone.
18:14 of 1st period - Dmitry Orlov is hit by Blake Wheeler and loses puck.
18:57 of 1st period - Shot by Mikko Rantanen.
18:57 of 1st period - Stopped by Darcy Kuemper without a rebound.
18:58 of 1st period - Adam Henrique wins face-off versus Mark Jankowski in Jets zone.
18:58 of 1st period - Adam Henrique is hit by Jalen Chatfield.
19:20 of 1st period - Shot by Adam Henrique.
19:20 of 1st period - Shot Misses the Net.
19:22 of 1st period - Shot by Adam Henrique.
19:22 of 1st period - Stopped by Darcy Kuemper without a rebound.
19:23 of 1st period - Nick Schmaltz wins face-off versus Vincent Trocheck in Jets zone.
19:23 of 1st period - Nick Schmaltz is hit by Tim Stutzle.
19:35 of 1st period - Shot by Nick Schmaltz.
19:35 of 1st period - Deflect By Reilly Smith.
19:35 of 1st period - Shot Misses the Net.
19:40 of 1st period - Off-side.
19:41 of 1st period - Tommy Novak wins face-off versus Adam Henrique in neutral zone.
19:43 of 1st period - Off-side.
19:44 of 1st period - Nick Schmaltz wins face-off versus Vincent Trocheck in neutral zone.
19:50 of 1st period - Icing by Tim Stutzle.
19:51 of 1st period - Vincent Trocheck wins face-off versus Nick Schmaltz in Avalanche zone.
19:51 of 1st period - Vincent Trocheck is hit by Reilly Smith.
19:54 of 1st period - Tim Stutzle is hit by Reilly Smith and loses puck.
Goals for this period are 2 for Avalanche vs 0 for Jets.
Shots for this period are 18 for Avalanche vs 8 for Jets.

2nd period


0:01 of 2nd period - Vincent Trocheck wins face-off versus Alexandre Texier in neutral zone.
0:08 of 2nd period - Off-side.
0:09 of 2nd period - Mark Jankowski wins face-off versus Vincent Trocheck in neutral zone.
0:14 of 2nd period - Shot by Dmitry Orlov.
0:14 of 2nd period - Shot Misses the Net.
0:30 of 2nd period - Shot by Tim Stutzle.
0:30 of 2nd period - Shot Blocked by Mark Jankowski.
0:32 of 2nd period - Shot by Tim Stutzle.
0:32 of 2nd period - Goal by Tim Stutzle - Avalanche : 3 - Jets : 0.
0:33 of 2nd period - Adam Henrique wins face-off versus Reilly Smith in neutral zone.
0:50 of 2nd period - Shot by Adam Henrique.
0:50 of 2nd period - Stopped by Darcy Kuemper without a rebound.
0:51 of 2nd period - Vincent Trocheck wins face-off versus Andreas Athanasiou in Jets zone.
0:58 of 2nd period - Shot by Vincent Trocheck.
0:58 of 2nd period - Stopped by Darcy Kuemper without a rebound.
0:59 of 2nd period - Tommy Novak wins face-off versus Vincent Trocheck in Jets zone.
1:10 of 2nd period - Shot by Tommy Novak.
1:10 of 2nd period - Shot Blocked by Mikko Rantanen.
1:37 of 2nd period - Alexandre Texier is hit by Vincent Trocheck and loses puck.
2:28 of 2nd period - Troy Terry is hit by Jalen Chatfield and loses puck.
2:33 of 2nd period - Shot by Troy Terry.
2:33 of 2nd period - Shot Misses the Net.
2:35 of 2nd period - Shot by Vladimir Tarasenko.
2:35 of 2nd period - Stopped by Darcy Kuemper without a rebound.
2:36 of 2nd period - Andreas Athanasiou wins face-off versus Blake Wheeler in Jets zone.
2:45 of 2nd period - Shot by Andre Burakovsky.
2:45 of 2nd period - Shot Misses the Net.
2:47 of 2nd period - Shot by Andreas Athanasiou.
2:47 of 2nd period - Goal by Andreas Athanasiou - Avalanche : 3 - Jets : 1.
2:48 of 2nd period - Oskar Sundqvist wins face-off versus Nick Bjugstad in neutral zone.
3:03 of 2nd period - Shot by Connor Dewar.
3:03 of 2nd period - Stopped by Darcy Kuemper without a rebound.
3:04 of 2nd period - Blake Wheeler wins face-off versus Andre Burakovsky in Jets zone.
3:25 of 2nd period - Shot by Oliver Bjorkstrand.
3:25 of 2nd period - Stopped by Samuel Ersson without a rebound.
3:26 of 2nd period - Troy Terry wins face-off versus Nick Schmaltz in Avalanche zone.
3:33 of 2nd period - Reilly Smith is hit by Alexandre Carrier and loses puck.
3:48 of 2nd period - Shot by Reilly Smith.
3:48 of 2nd period - Shot Blocked by Alexandre Carrier.
4:05 of 2nd period - Nick Schmaltz is hit by Artem Zub and loses puck.
4:27 of 2nd period - Jalen Chatfield is hit by Martin Fehervary and loses puck.
4:52 of 2nd period - Shot by Blake Wheeler.
4:52 of 2nd period - Stopped by Darcy Kuemper without a rebound.
4:53 of 2nd period - Mark Jankowski wins face-off versus Vincent Trocheck in Jets zone.
5:05 of 2nd period - Joe Veleno is hit by Mikko Rantanen and loses puck.
5:26 of 2nd period - Shot by Vincent Trocheck.
5:26 of 2nd period - Deflect By Tim Stutzle.
5:26 of 2nd period - Stopped by Darcy Kuemper without a rebound.
5:27 of 2nd period - Andreas Athanasiou wins face-off versus Nick Bjugstad in Jets zone.
5:50 of 2nd period - Off-side.
5:51 of 2nd period - Adam Henrique wins face-off versus Marcus Johansson in neutral zone.
6:00 of 2nd period - Shot by Vladimir Tarasenko.
6:00 of 2nd period - Shot Blocked by Jalen Chatfield.
6:12 of 2nd period - Shot by Troy Terry.
6:12 of 2nd period - Deflect By Adam Henrique.
6:12 of 2nd period - Stopped by Darcy Kuemper with a rebound.
6:31 of 2nd period - Shot by Vladimir Tarasenko.
6:31 of 2nd period - Shot Misses the Net.
6:47 of 2nd period - Vincent Trocheck is hit by Alexandre Texier.
6:50 of 2nd period - Icing by Mikko Rantanen.
6:51 of 2nd period - Andreas Athanasiou wins face-off versus Vincent Trocheck in Avalanche zone.
7:06 of 2nd period - Shot by Oliver Bjorkstrand.
7:06 of 2nd period - Shot Misses the Net.
7:17 of 2nd period - Vincent Trocheck is hit by Andreas Athanasiou and loses puck.
7:27 of 2nd period - Minor Penalty to Dmitry Orlov for Tripping.
7:28 of 2nd period - Gustav Nyquist wins face-off versus Blake Wheeler in Jets zone.
8:21 of 2nd period - Icing by Mikko Rantanen.
8:22 of 2nd period - Gustav Nyquist wins face-off versus Vincent Trocheck in Avalanche zone.
8:29 of 2nd period - Justin Barron is hit by Vincent Trocheck and loses puck.
9:36 of 2nd period - Nick Bjugstad is hit by Matt Grzelcyk and loses puck.
10:25 of 2nd period - Shot by Andreas Athanasiou.
10:25 of 2nd period - Shot Blocked by Artem Zub.
10:27 of 2nd period - Shot by Oliver Bjorkstrand.
10:27 of 2nd period - Stopped by Samuel Ersson without a rebound.
10:28 of 2nd period - Nick Schmaltz wins face-off versus Blake Wheeler in Avalanche zone.
10:50 of 2nd period - Icing by Justin Barron.
10:51 of 2nd period - Nick Schmaltz wins face-off versus Vincent Trocheck in Jets zone.
10:58 of 2nd period - Shot by Nick Schmaltz.
10:58 of 2nd period - Stopped by Samuel Ersson without a rebound.
10:59 of 2nd period - Adam Henrique wins face-off versus Andreas Athanasiou in Avalanche zone.
11:20 of 2nd period - Shot by Oliver Bjorkstrand.
11:20 of 2nd period - Shot Misses the Net.
11:22 of 2nd period - Shot by Andre Burakovsky.
11:22 of 2nd period - Shot Misses the Net.
12:13 of 2nd period - Marcus Johansson is hit by Tyler Myers and loses puck.
12:24 of 2nd period - Shot by Marcus Johansson.
12:24 of 2nd period - Deflect By Tommy Novak.
12:24 of 2nd period - Shot Misses the Net.
12:26 of 2nd period - Shot by Alexandre Texier.
12:26 of 2nd period - Shot Misses the Net.
13:19 of 2nd period - Shot by Nick Schmaltz.
13:19 of 2nd period - Shot Misses the Net.
13:43 of 2nd period - Shot by Colin Miller.
13:43 of 2nd period - Stopped by Samuel Ersson without a rebound.
13:44 of 2nd period - Vincent Trocheck wins face-off versus Andreas Athanasiou in Avalanche zone.
13:51 of 2nd period - Shot by Tim Stutzle.
13:51 of 2nd period - Stopped by Darcy Kuemper with a rebound.
13:53 of 2nd period - Shot by Mikko Rantanen.
13:53 of 2nd period - Shot Misses the Net.
14:22 of 2nd period - Shot by Mikko Rantanen.
14:22 of 2nd period - Stopped by Darcy Kuemper without a rebound.
14:23 of 2nd period - Blake Wheeler wins face-off versus Mark Jankowski in Jets zone.
14:48 of 2nd period - Icing by Nicholas Robertson.
14:49 of 2nd period - Nicholas Robertson wins face-off versus Nick Schmaltz in Avalanche zone.
15:06 of 2nd period - Shot by Nicholas Robertson.
15:06 of 2nd period - Stopped by Darcy Kuemper without a rebound.
15:07 of 2nd period - Vincent Trocheck wins face-off versus Andreas Athanasiou in Jets zone.
15:13 of 2nd period - Icing by Dmitry Orlov.
15:14 of 2nd period - Oliver Bjorkstrand wins face-off versus Mikko Rantanen in Jets zone.
15:14 of 2nd period - Oliver Bjorkstrand is hit by Mikko Rantanen.
15:32 of 2nd period - Shot by Vincent Trocheck.
15:32 of 2nd period - Stopped by Darcy Kuemper without a rebound.
15:33 of 2nd period - Blake Wheeler wins face-off versus Nick Schmaltz in Jets zone.
16:12 of 2nd period - Shot by Aliaksei Protas.
16:12 of 2nd period - Deflect By Nicholas Robertson.
16:12 of 2nd period - Stopped by Darcy Kuemper without a rebound.
16:13 of 2nd period - Vincent Trocheck wins face-off versus Alexandre Texier in Jets zone.
16:16 of 2nd period - Shot by Tim Stutzle.
16:16 of 2nd period - Shot Blocked by Dmitry Orlov.
17:48 of 2nd period - Shot by Andre Burakovsky.
17:48 of 2nd period - Goal by Andre Burakovsky - Avalanche : 3 - Jets : 2.
17:49 of 2nd period - Blake Wheeler wins face-off versus Nick Schmaltz in neutral zone.
17:57 of 2nd period - Jalen Chatfield is hit by Tyler Myers.
18:26 of 2nd period - Shot by Aliaksei Protas.
18:26 of 2nd period - Deflect By Nicholas Robertson.
18:26 of 2nd period - Stopped by Darcy Kuemper without a rebound.
18:27 of 2nd period - Mark Jankowski wins face-off versus Adam Henrique in Jets zone.
18:31 of 2nd period - Icing by Colin Miller.
18:32 of 2nd period - Mark Jankowski wins face-off versus Adam Henrique in Jets zone.
19:04 of 2nd period - Shot by Vladimir Tarasenko.
19:04 of 2nd period - Shot Misses the Net.
19:06 of 2nd period - Shot by Mikey Anderson.
19:06 of 2nd period - Shot Blocked by Colin Miller.
19:44 of 2nd period - Shot by Nicholas Robertson.
19:44 of 2nd period - Shot Misses the Net.
Goals for this period are 1 for Avalanche vs 2 for Jets.
Shots for this period are 14 for Avalanche vs 6 for Jets.

3rd period


0:01 of 3rd period - Nick Schmaltz wins face-off versus Vincent Trocheck in neutral zone.
0:03 of 3rd period - Reilly Smith is hit by Alexandre Carrier and loses puck.
1:16 of 3rd period - Shot by Andreas Athanasiou.
1:16 of 3rd period - Shot Misses the Net.
1:55 of 3rd period - Icing by Olli Maatta.
1:56 of 3rd period - Tommy Novak wins face-off versus Blake Wheeler in Jets zone.
2:11 of 3rd period - Off-side.
2:12 of 3rd period - Nick Schmaltz wins face-off versus Adam Henrique in neutral zone.
2:32 of 3rd period - Shot by Nick Schmaltz.
2:32 of 3rd period - Stopped by Samuel Ersson with a rebound.
2:50 of 3rd period - Icing by Reilly Smith.
2:51 of 3rd period - Nick Schmaltz wins face-off versus Blake Wheeler in Jets zone.
3:57 of 3rd period - Off-side.
3:58 of 3rd period - Tommy Novak wins face-off versus Adam Henrique in neutral zone.
4:21 of 3rd period - Shot by Marcus Johansson.
4:21 of 3rd period - Goal by Marcus Johansson - Avalanche : 3 - Jets : 3.
4:22 of 3rd period - Nick Schmaltz wins face-off versus Vincent Trocheck in neutral zone.
4:44 of 3rd period - Shot by Tim Stutzle.
4:44 of 3rd period - Deflect By Vincent Trocheck.
4:44 of 3rd period - Stopped by Darcy Kuemper without a rebound.
4:45 of 3rd period - Tommy Novak wins face-off versus Adam Henrique in Jets zone.
4:58 of 3rd period - Jalen Chatfield is hit by Vladimir Tarasenko and loses puck.
6:45 of 3rd period - Shot by Oliver Bjorkstrand.
6:45 of 3rd period - Shot Blocked by Vincent Trocheck.
6:47 of 3rd period - Shot by Andre Burakovsky.
6:47 of 3rd period - Shot Misses the Net.
6:49 of 3rd period - Shot by Olli Maatta.
6:49 of 3rd period - Shot Misses the Net.
6:59 of 3rd period - Shot by Oliver Bjorkstrand.
6:59 of 3rd period - Shot Misses the Net.
7:51 of 3rd period - Shot by Oskar Sundqvist.
7:51 of 3rd period - Stopped by Samuel Ersson without a rebound.
7:52 of 3rd period - Nick Schmaltz wins face-off versus Adam Henrique in Avalanche zone.
8:06 of 3rd period - Dmitry Orlov is hit by Tyler Myers and loses puck.
8:20 of 3rd period - Reilly Smith is hit by Martin Fehervary and loses puck.
9:11 of 3rd period - Icing by Matt Grzelcyk.
9:12 of 3rd period - Andreas Athanasiou wins face-off versus Nick Bjugstad in Jets zone.
9:12 of 3rd period - Andreas Athanasiou is hit by Nick Bjugstad.
9:15 of 3rd period - Icing by Olli Maatta.
9:16 of 3rd period - Connor Dewar wins face-off versus Oliver Bjorkstrand in Jets zone.
9:33 of 3rd period - Andre Burakovsky is hit by Connor Dewar and loses puck.
9:38 of 3rd period - Shot by Matthew Knies.
9:38 of 3rd period - Stopped by Darcy Kuemper without a rebound.
9:39 of 3rd period - Tommy Novak wins face-off versus Nicholas Robertson in Jets zone.
9:52 of 3rd period - Shot by Marcus Johansson.
9:52 of 3rd period - Stopped by Samuel Ersson without a rebound.
9:53 of 3rd period - Nick Schmaltz wins face-off versus Vincent Trocheck in Avalanche zone.
9:54 of 3rd period - Shot by Reilly Smith.
9:54 of 3rd period - Stopped by Samuel Ersson without a rebound.
9:55 of 3rd period - Blake Wheeler wins face-off versus Nick Schmaltz in Avalanche zone.
10:26 of 3rd period - Shot by Martin Fehervary.
10:26 of 3rd period - Stopped by Darcy Kuemper with a rebound.
10:56 of 3rd period - Shot by Mikko Rantanen.
10:56 of 3rd period - Shot Misses the Net.
11:51 of 3rd period - Dmitry Orlov is hit by Vladimir Tarasenko and loses puck.
12:02 of 3rd period - Shot by Troy Terry.
12:02 of 3rd period - Goal by Troy Terry - Avalanche : 4 - Jets : 3.
12:03 of 3rd period - Nick Bjugstad wins face-off versus Tommy Novak in neutral zone.
12:03 of 3rd period - Mikey Anderson is hit by Tommy Novak and loses puck.
12:10 of 3rd period - Shot by Nick Bjugstad.
12:10 of 3rd period - Shot Misses the Net.
12:18 of 3rd period - Shot by Matthew Knies.
12:18 of 3rd period - Goal by Matthew Knies - Avalanche : 5 - Jets : 3.
12:19 of 3rd period - Adam Henrique wins face-off versus Oliver Bjorkstrand in neutral zone.
12:53 of 3rd period - Shot by Troy Terry.
12:53 of 3rd period - Shot Blocked by Olli Maatta.
13:00 of 3rd period - Andreas Athanasiou is hit by Martin Fehervary and loses puck.
13:35 of 3rd period - Icing by Jalen Chatfield.
13:36 of 3rd period - Tommy Novak wins face-off versus Blake Wheeler in Jets zone.
14:48 of 3rd period - Minor Penalty to Colin Miller for Holding.
14:49 of 3rd period - Vincent Trocheck wins face-off versus Gustav Nyquist in Jets zone.
14:50 of 3rd period - Shot by Troy Terry.
14:50 of 3rd period - Stopped by Darcy Kuemper without a rebound.
14:51 of 3rd period - Vincent Trocheck wins face-off versus Gustav Nyquist in Jets zone.
15:57 of 3rd period - Mikko Rantanen is hit by Jalen Chatfield and loses puck.
16:32 of 3rd period - Icing by Blake Wheeler.
16:33 of 3rd period - Blake Wheeler wins face-off versus Gustav Nyquist in Avalanche zone.
16:44 of 3rd period - Shot by Vladimir Tarasenko.
16:44 of 3rd period - Stopped by Darcy Kuemper with a rebound.
16:46 of 3rd period - Shot by Mikey Anderson.
16:46 of 3rd period - Stopped by Darcy Kuemper without a rebound.
16:47 of 3rd period - Gustav Nyquist wins face-off versus Vincent Trocheck in Jets zone.
16:47 of 3rd period - Gustav Nyquist is hit by Mikko Rantanen.
17:05 of 3rd period - Shot by Nick Bjugstad.
17:05 of 3rd period - Stopped by Darcy Kuemper without a rebound.
17:06 of 3rd period - Tommy Novak wins face-off versus Adam Henrique in Jets zone.
17:28 of 3rd period - Shot by Troy Terry.
17:28 of 3rd period - Shot Misses the Net.
17:30 of 3rd period - Shot by Vladimir Tarasenko.
17:30 of 3rd period - Shot Misses the Net.
17:38 of 3rd period - Shot by Alexandre Texier.
17:38 of 3rd period - Stopped by Samuel Ersson without a rebound.
17:39 of 3rd period - Vincent Trocheck wins face-off versus Nick Schmaltz in Avalanche zone.
17:39 of 3rd period - Vincent Trocheck is hit by Reilly Smith.
17:45 of 3rd period - Shot by Mikko Rantanen.
17:45 of 3rd period - Stopped by Darcy Kuemper without a rebound.
17:46 of 3rd period - Nick Schmaltz wins face-off versus Tim Stutzle in Jets zone.
18:15 of 3rd period - Minor Penalty to Artem Zub for Goalie Interference.
18:16 of 3rd period - Nick Schmaltz wins face-off versus Adam Henrique in Avalanche zone.
18:33 of 3rd period - Shot by Nick Schmaltz.
18:33 of 3rd period - Stopped by Samuel Ersson without a rebound.
18:34 of 3rd period - Adam Henrique wins face-off versus Gustav Nyquist in Avalanche zone.
18:34 of 3rd period - Adam Henrique is hit by Reilly Smith.
19:52 of 3rd period - Shot by Matthew Knies.
19:52 of 3rd period - Stopped by Darcy Kuemper without a rebound.
19:53 of 3rd period - Nick Schmaltz wins face-off versus Adam Henrique in Jets zone.
19:53 of 3rd period - Nick Schmaltz is hit by Adam Henrique.
Goals for this period are 2 for Avalanche vs 1 for Jets.
Shots for this period are 11 for Avalanche vs 7 for Jets.